 Dungeon Crawl Stone Soup version 0.27.0-1-g7a089689b8 (webtiles) character file.

Game seed: 7776656699495579148

332 hatdisgam the Covered (level 6, -13/51 HPs)
             Began as a Gnoll Wanderer on Aug 6, 2021.
             Was an Initiate of Cheibriados.
             Mangled by an ogre (16 damage)
             ... on level 4 of the Dungeon.
             The game lasted 00:05:16 (4078 turns).

hatdisgam the Covered (Gnoll Wanderer)              Turns: 4078, Time: 00:05:17

Health: -13/51     AC:  8    Str: 13    XL:     6   Next: 52%
Magic:  9/9        EV: 11    Int: 15    God:    Cheibriados [......]
Gold:   196        SH:  0    Dex: 11    Spells: 8/9 levels left

rFire    . . .     SeeInvis .   l - +9 long sword of Resourcefulness {vorpal, rPois}
rCold    . . .     Faith    .   (no shield)
rNeg     . . .     Spirit   .   c - +0 ring mail
rPois    +         Reflect  .   (helmet restricted)
rElec    .         Harm     .   (no cloak)
rCorr    .         Rampage  .   j - +0 pair of gloves
Will     .....                  n - +0 pair of boots
Stlth    +.........             (no amulet)
HPRegen  0.17/turn              f - ring of flight
MPRegen  0.11/turn              (no ring)

@: unable to read, flying, very slow
A: fangs 1, strong nose, distributed training, antennae 1, inability to read
while threatened
a: Renounce Religion, Bend Time


You were on level 4 of the Dungeon.
You worshipped Cheibriados.
Cheibriados was noncommittal.
You visited 2 branches of the dungeon, and saw 5 of its levels.

You collected 196 gold pieces.

Inventory:

Hand Weapons
 a - a +0 dagger
 d - a +0 spear
 g - a +0 scimitar
 l - the +9 long sword of Resourcefulness (weapon) {vorpal, rPois}
   (You found it on level 4 of the Dungeon)

   It inflicts extra damage upon your enemies.
   rPois:     It protects you from poison.
Missiles
 b - 9 poisoned darts (quivered)
Armour
 c - a +0 ring mail (worn)
 j - a +0 pair of gloves (worn)
 n - a +0 pair of boots (worn)
Jewellery
 e - a ring of protection from fire
 f - a ring of flight (left hand)
 h - a ring of protection from fire
Scrolls
 i - 2 scrolls of noise
Potions
 k - a potion of invisibility {unknown}
 m - a potion of cancellation


   Skills:
 + Level 5.0 Fighting
 + Level 2.0 Short Blades
 + Level 2.0 Long Blades
 + Level 2.0 Axes
 + Level 2.0 Maces & Flails
 + Level 2.0 Polearms
 + Level 2.0 Staves
 + Level 2.0 Slings
 + Level 2.0 Bows
 + Level 3.2 Crossbows
 + Level 3.2 Throwing
 + Level 5.0 Armour
 + Level 2.0 Dodging
 + Level 2.0 Stealth
 + Level 3.2 Shields
 + Level 2.0 Unarmed Combat
 + Level 2.0 Spellcasting
 + Level 1.5 Conjurations
 + Level 1.5 Hexes
 + Level 1.5 Summonings
 + Level 2.6 Necromancy
 + Level 1.5 Translocations
 + Level 1.5 Transmutations
 + Level 1.5 Fire Magic
 + Level 4.1 Ice Magic
 + Level 1.5 Air Magic
 + Level 1.5 Earth Magic
 + Level 1.5 Poison Magic
 + Level 2.2 Invocations
 + Level 2.0 Evocations


You had 8 spell levels left.
You knew the following spells:

 Your Spells              Type           Power      Damage    Failure   Level
a - Freeze                Ice            52%        1d7       9%          1

Your spell library contained the following spells:

 Spells                   Type           Power      Damage    Failure   Level
 Frozen Ramparts          Ice            26%        1d4       24%         3
 Ozocubu's Armour         Ice            13%        N/A       24%         3
 Gell's Gravitas          Tloc           3%         N/A       56%         3
 Ignite Poison            Fire/Tmut/Pois 6%         N/A       56%         3
 Mephitic Cloud           Conj/Pois/Air  6%         N/A       56%         3
 Summon Guardian Golem    Hex/Summ       6%         N/A       56%         3
 Teleport Other           Tloc           6%         N/A       56%         3
 Hailstorm                Conj/Ice       10%        3d5       80%         4
 Bolt of Magma            Conj/Fire/Erth 3%         4d5       99%         5
 Dispersal                Tloc           3%         N/A       100%        6
 Orb of Destruction       Conj           3%         9d1       100%        7
 Spellforged Servitor     Conj/Summ      3%         N/A       100%        7


Dungeon Overview and Level Annotations

Branches:
Dungeon (4/15)             Temple (1/1) D:4

Altars:
Ashenzari
Cheibriados
Elyvilon
Fedhas
Kikubaaqudgha
Vehumet
Wu Jian
Xom
Zin

Shops:
D:1 [   D:2 :[[


Innate Abilities, Weirdness & Mutations

You have very sharp teeth.
Your uncanny sense of smell can sniff out nearby items.
Your experience applies equally to all skills.
You have a pair of small antennae on your head.
You sometimes lose the ability to read scrolls when taking damage.


Message History

Magic restored.
Things that are here:
a +0 giant club; an ogre corpse
Things that are here:
a +0 giant club; an ogre corpse
Found an escape hatch in the ceiling.
There is an escape hatch in the ceiling here.
You see here a +0 flail.
You reach down and open the door.
An ogre comes into view. It is wielding a +0 giant club.
The ogre shouts!
There is an open door here.
You hit the ogre. Your bite misses the ogre.
The ogre is moderately wounded.
The ogre closely misses you.
You hit the ogre.
The ogre is heavily wounded.
The ogre closely misses you.
Your ring mail prevents you from hitting the ogre.
The ogre is heavily wounded.
The ogre barely misses you.
You slash the ogre!
The ogre is almost dead.
The ogre hits you with a +0 giant club!
You hit the ogre.
The ogre is almost dead.
The ogre hits you with a +0 giant club!
You feel threatened and lose the ability to read scrolls!
You are too injured to fight recklessly!
You are too injured to fight recklessly!
You barely miss the ogre.
The ogre is almost dead.
The ogre hits you with a +0 giant club!
* * * LOW HITPOINT WARNING * * *
Unknown command.
The ogre misses you. The ogre hits you with a +0 giant club!
* * * LOW HITPOINT WARNING * * *
The ogre hits you with a +0 giant club!
You die...

#
#.......#####.########.#
# #'# #.##### #.# #######
#.# #.....# #.# ......#
#.# #####<# #.# #####.#
#.# #.# #.# # #.# #.#
#.####.### # #.# #.#
#....#.#.. # #.#
#.######### ####.#.#.# #
#.# #....O@...# #.....) #
#.#############.# #.###.#
# #..........# #.# #.#
#.# #
##########.####.#######.#
#.# . #...........)..#
#.# ## ∆
######.###########.#
#.............#
#############.# #.#


You could see an ogre.

Vanquished Creatures
  A hornet zombie (D:4)
  An ogre (D:4)
  An orc priest (D:3)
  An orc wizard (D:3)
  4 adders
  2 dart slugs (D:1)
  6 orcs
  5 ball pythons
  5 bats
  3 endoplasms
  4 giant cockroaches
  4 goblins
  3 hobgoblins (D:2)
  3 jackals (D:2)
  5 quokkas
  2 frilled lizards
  4 kobolds
  2 rats (D:3)
56 creatures vanquished.

Notes
Turn   | Place    | Note
-------+----------+-------------------------------------------
     0 | D:1      | hatdisgam the Gnoll Wanderer began the quest for the Orb.
     0 | D:1      | hatdisgam set off with the following items: a +0 dagger, 9
                  | poisoned darts, a +0 ring mail; and the following spell
                  | memorised: Freeze; and the following spells available to
                  | memorise: Frozen Ramparts, Ozocubu's Armour, Hailstorm
     0 | D:1      | Reached XP level 1. HP: 20/20 MP: 1/1
   219 | D:1      | Reached XP level 2. HP: 24/26 MP: 2/2
   240 | D:1      | Found Rivif's Antique Armour Boutique.
   958 | D:2      | HP: 1/26 [jackal (2)]
  1306 | D:2      | Reached XP level 3. HP: 23/31 MP: 3/3
  1446 | D:2      | Found Erchuos's Armour Shoppe.
  1541 | D:2      | Found Biasapp's Book Shop.
  1756 | D:2      | Found Batsoi's Antique Armour Emporium.
  1887 | D:2      | Found a faded altar of an unknown god.
  2112 | D:3      | Reached skill level 1 in Invocations
  2244 | D:3      | Reached skill level 1 in Short Blades
  2244 | D:3      | Reached skill level 1 in Long Blades
  2244 | D:3      | Reached skill level 1 in Axes
  2244 | D:3      | Reached skill level 1 in Maces & Flails
  2244 | D:3      | Reached skill level 1 in Polearms
  2244 | D:3      | Reached skill level 1 in Staves
  2244 | D:3      | Reached skill level 1 in Slings
  2244 | D:3      | Reached skill level 1 in Bows
  2244 | D:3      | Reached skill level 1 in Dodging
  2244 | D:3      | Reached skill level 1 in Stealth
  2244 | D:3      | Reached skill level 1 in Unarmed Combat
  2244 | D:3      | Reached skill level 1 in Spellcasting
  2244 | D:3      | Reached skill level 1 in Evocations
  2300 | D:3      | Reached XP level 4. HP: 36/38 MP: 5/5
  2309 | D:3      | Gained mutation: You sometimes lose the ability to read
                  | scrolls when taking damage. [potion of mutation]
  2309 | D:3      | Gained mutation: Your flesh is heat resistant. (rF+)
                  | [potion of mutation]
  2309 | D:3      | Gained mutation: You have a pair of small antennae on your
                  | head. [potion of mutation]
  2314 | D:3      | Lost mutation: Your flesh is heat resistant. (rF+) [potion
                  | of mutation]
  2645 | D:3      | Reached skill level 1 in Conjurations
  2645 | D:3      | Reached skill level 1 in Hexes
  2645 | D:3      | Reached skill level 1 in Summonings
  2645 | D:3      | Reached skill level 1 in Translocations
  2645 | D:3      | Reached skill level 1 in Transmutations
  2645 | D:3      | Reached skill level 1 in Fire Magic
  2645 | D:3      | Reached skill level 1 in Air Magic
  2645 | D:3      | Reached skill level 1 in Earth Magic
  2645 | D:3      | Reached skill level 1 in Poison Magic
  2979 | D:3      | Reached XP level 5. HP: 17/43 MP: 5/7
  3300 | D:4      | Identified the +9 long sword of Resourcefulness {vorpal,
                  | rPois}
  3420 | D:4      | Found a blossoming altar of Fedhas.
  3487 | D:4      | Found a staircase to the Ecumenical Temple.
  3611 | D:4      | Reached XP level 6. HP: 24/50 MP: 8/8
  3650 | Temple   | Entered the Ecumenical Temple
  3657 | Temple   | Became a worshipper of Cheibriados the Contemplative
  3950 | D:4      | Reached skill level 5 in Fighting
  3950 | D:4      | Reached skill level 5 in Armour
  4074 | D:4      | HP: 2/51 [ogre (7)]
  4078 | D:4      | Mangled by an ogre

Illustrated notes

Levels and vault maps discovered:
D:1:      heliophobic_arrival_enchanted_forest, layout_basic, serial_shops,
          nicolae_diamond_shop
D:2:      layout_loops_ring, ebering_ecumenical_altar_abandoned, serial_shops,
          nicolae_shop_stone, shop, nicolae_shop_behind_doors
D:3:      layout_rooms
D:4:      layout_basic, fedhas_altar_fruit_tree,
          minmay_temple_entry_drinking_statues, chequers_serial_rivers_small_a
Temple:   eino_temple_lava

Skill      XL: |  1  2  3  4  5  6 |
---------------+-------------------+-----
Necromancy     | 2 |  2.6
Invocations    | 1 2 |  2.2
Short Blades   | 1 2 |  2.0
Long Blades    | 1 2 |  2.0
Axes           | 1 2 |  2.0
Maces & Flails | 1 2 |  2.0
Polearms       | 1 2 |  2.0
Staves         | 1 2 |  2.0
Slings         | 1 2 |  2.0
Bows           | 1 2 |  2.0
Dodging        | 1 2 |  2.0
Stealth        | 1 2 |  2.0
Unarmed Combat | 1 2 |  2.0
Spellcasting   | 1 2 |  2.0
Evocations     | 1 2 |  2.0
Conjurations   | 1 |  1.5
Hexes          | 1 |  1.5
Summonings     | 1 |  1.5
Translocations | 1 |  1.5
Transmutations | 1 |  1.5
Fire Magic     | 1 |  1.5
Air Magic      | 1 |  1.5
Earth Magic    | 1 |  1.5
Poison Magic   | 1 |  1.5
Crossbows      | 3 |  3.2
Throwing       | 3 |  3.2
Shields        | 3 |  3.2
Ice Magic      | 4 |  4.1
Fighting       | 5 |  5.0
Armour         | 5 |  5.0

Action                   |  1- 3 |  4- 6 || total
-------------------------+-------+-------++-------
Melee: Dagger            |    13 |       ||    13
       Spear             |   194 |    66 ||   260
       Bite              |    15 |     5 ||    20
       Long sword        |       |    32 ||    32
  Use: Potion            |       |     6 ||     6
       Scroll            |       |     3 ||     3
Armor: Ring mail         |    81 |    47 ||   128
Dodge: Dodged            |   116 |    40 ||   156
       Rpst.: Long sword |       |     4 ||     4
